FLORIDA Panthers vs CAROLINA Hurricanes

Created - 25 mars 2024 at 22:39

Goals
1 2 3 T
FLORIDA Panthers 0 1 0 1
CAROLINA Hurricanes 3 1 1 5
Shots
1 2 3 T
FLORIDA Panthers 12 5 11 28
CAROLINA Hurricanes 7 12 9 28

1st period

1. CAROLINA Hurricanes , Blake Lizotte 6 (Adam Fox 57, David Perron 9) at 3:58
2. CAROLINA Hurricanes , Filip Forsberg 7 (Elias Pettersson 35, Devon Toews 36) at 12:19 (PP)
3. CAROLINA Hurricanes , Noah Cates 6 (Kris Letang 19, Devon Toews 37) at 14:30

Penalties :
Yegor Sharangovich (FLO) for High sticking (Minor) at 11:56, Nazem Kadri (CAR) for Roughing (Minor) at 19:05

2nd period

4. FLORIDA Panthers , Eetu Luostarinen 12 (Ryan McDonagh 25) at 1:37
5. CAROLINA Hurricanes , Nazem Kadri 11 (Brady Tkachuk 18, Rasmus Ristolainen 16) at 13:17

Penalties :
Ryan McDonagh (FLO) for Cross-checking (Minor) at 6:28, Connor Murphy (FLO) for Slashing (Minor) at 9:05, Brandon Montour (CAR) for Cross-checking (Minor) at 14:11, Nazem Kadri (CAR) for Hooking (Minor) at 19:35

3rd period

6. CAROLINA Hurricanes , Brady Tkachuk 13 (Mika Zibanejad 37, Devon Toews 38) at 6:10 (PP)

Penalties :
Kris Letang (CAR) for Roughing (Minor) at 3:43, Ryan McDonagh (FLO) for Slashing (Minor) at 5:44, Yegor Sharangovich (FLO) for Hooking (Minor) at 8:59, David Perron (CAR) for Holding (Minor) at 14:57, Dougie Hamilton (FLO) for Tripping (Minor) at 14:57, Rasmus Ristolainen (CAR) for High sticking (Minor) at 17:32

Goalie Stats

Cayden Primeau (FLO), 7 saves from 7 shots - (1,000), 13:50 minutes
Darcy Kuemper (FLO), 16 saves from 21 shots - (0,762), L, 28-22-7, 46:10 minutes
Alexandar Georgiev (CAR), 27 saves from 28 shots - (0,964), W, 33-19-4, 60:00 minutes

Players Stats for FLORIDA Panthers

Player Name              G  A  P  +/- PIM S  H  SB GA TA FO     MP     PP MP  PK MP  
------------------------------------------------------------------------------------
Adam Henrique            0  0  0   1  0   2  1  0  0  0  10/18  11:42   0:00   1:42 
Brady Skjei              0  0  0   1  0   1  2  2  0  0  0/0    24:03   4:03   3:01 
Brandon Saad             0  0  0   0  0   1  0  0  0  0  0/0    16:19   5:39   0:00 
Brock Nelson             0  0  0   0  0   5  2  2  0  0  2/3    21:38   5:39   4:52 
Carter Verhaeghe         0  0  0  -1  0   1  1  0  0  0  0/1    19:48   4:16   0:00 
Connor Murphy            0  0  0  -1  2   0  1  1  0  0  0/0    15:14   2:51   2:26 
Derek Grant              0  0  0  -2  0   0  1  0  0  0  3/8     5:08   0:00   0:00 
Dougie Hamilton          0  0  0   0  2   2  2  2  0  0  0/0    21:58   7:04   2:15 
Eetu Luostarinen         1  0  1   1  0   2  1  0  0  0  0/0    11:54   0:00   1:54 
Jake Walman              0  0  0  -1  0   0  0  1  0  0  0/0    13:43   0:00   2:45 
Jordan Martinook         0  0  0  -2  0   0  0  0  0  0  0/1     5:20   0:00   0:12 
Josh Morrissey           0  0  0  -2  0   1  2  0  0  0  0/0    23:10   5:52   1:00 
Matthew Tkachuk          0  0  0  -1  0   5  1  1  0  0  0/2    21:20   4:16   0:00 
Ryan McDonagh            0  1  1  -1  4   0  2  1  0  0  0/0    21:48   0:00   2:05 
Ryan McLeod              0  0  0  -2  0   1  0  1  0  0  0/1     5:08   0:00   0:00 
Steven Stamkos           0  0  0  -1  0   4  1  0  0  0  11/25  21:20   4:16   0:00 
Vincent Trocheck         0  0  0   0  0   3  3  1  0  0  14/28  21:38   5:39   4:52 
Yegor Sharangovich       0  0  0   1  4   0  1  0  0  0  1/1     9:58   0:00   0:00 

Players Stats for CAROLINA Hurricanes

Player Name              G  A  P  +/- PIM S  H  SB GA TA FO     MP     PP MP  PK MP  
------------------------------------------------------------------------------------
Adam Fox                 0  1  1   1  0   1  0  0  0  0  0/0    26:18   3:34   5:35 
Blake Lizotte            1  0  1   1  0   1  1  1  0  0  5/15    9:13   0:00   0:00 
Brady Tkachuk            1  1  2   0  0   6  3  0  0  0  1/1    14:36   3:06   0:00 
Brandon Montour          0  0  0   1  2   0  5  1  0  0  0/0    21:06   3:34   0:24 
David Perron             0  1  1   1  2   1  0  0  0  0  0/0     9:12   0:00   0:00 
Derek Ryan               0  0  0   1  0   0  0  0  0  0  4/7     8:36   0:00   3:03 
Devon Toews              0  3  3   1  0   0  1  1  0  0  0/0    21:58   3:12   5:24 
Elias Pettersson         0  1  1   0  0   1  2  0  0  0  3/4    25:13   3:40   6:29 
Evgeny Svechnikov        0  0  0   1  0   1  0  0  0  0  0/0     6:04   0:00   0:00 
Filip Forsberg           1  0  1   1  0   1  1  1  0  0  0/1    13:47   3:40   0:23 
Kris Letang              0  1  1   1  2   2  2  1  0  0  0/0    20:34   3:12   4:01 
Mika Zibanejad           0  1  1   0  0   3  0  0  0  0  22/37  24:51   3:06   6:29 
Nazem Kadri              1  0  1   0  4   3  2  0  0  0  11/18  13:07   0:00   0:23 
Niko Mikkola             0  0  0   0  0   1  1  0  0  0  0/0    12:48   0:00   0:00 
Noah Cates               1  0  1   1  0   2  1  0  0  0  1/3     8:36   0:00   3:03 
Rasmus Ristolainen       0  1  1   0  2   1  1  0  0  0  0/0    17:13   0:00   4:26 
Travis Konecny           0  0  0   0  0   2  0  0  0  0  0/0    16:26   3:40   0:00 
William Nylander         0  0  0   0  0   2  0  0  0  0  0/2    18:22   3:06   0:00 

3 Stars

1 - Devon Toews (CAR)
2 - Brady Tkachuk (CAR)
3 - Blake Lizotte (CAR)

Power Play

FLORIDA Panthers - 0 on 5 Attempt(s) - 0,00%
CAROLINA Hurricanes - 2 on 5 Attempt(s) - 40,00%

Penalty Kill

FLORIDA Panthers - 3 on 5 Attempt(s) - 60,00% - Score 0 goal in Penalty Kill
CAROLINA Hurricanes - 5 on 5 Attempt(s) - 100,00% - Score 0 goal in Penalty Kill

Team Stat

FLORIDA Panthers - Hits : 21 - Faceoff Wins : 41 - Blocked Shots : 12 - Penalty Minutes : 12
CAROLINA Hurricanes - Hits : 20 - Faceoff Wins : 47 - Blocked Shots : 5 - Penalty Minutes : 12

Official

Referees : Dan O'Rourke and Michael Markovic
Linesman : Greg Devorski and Matt MacPherson

Game Notes

Cayden Primeau enters game at 6:10 of 3rd period

Finance

Level 1 -- Attendance: 5139 (85,65%) -- Ticket Income $513,900
Level 2 -- Attendance: 4300 (86,00%) -- Ticket Income $258,000
Level 3 -- Attendance: 2000 (100,00%) -- Ticket Income $70,000
Level 4 -- Attendance: 4000 (100,00%) -- Ticket Income $80,000
Luxury Box -- Attendance: 843 (84,30%) -- Ticket Income $168,600
Game was played at the PNC Arena.
Total Attendance: 16282 (90,46%)
Total Ticket Income: $1,090,500
Other Income: $272,625
Total Income: $1,363,125

FLORIDA Panthers

5 vs 5 Forward 
   Center                   Left Wing                Right Wing               Time % Phy DF OF 
 1 Steven Stamkos           Carter Verhaeghe         Matthew Tkachuk          40     1   2  2  
 2 Vincent Trocheck         Brock Nelson             Brandon Saad             30     1   1  3  
 3 Adam Henrique            Eetu Luostarinen         Yegor Sharangovich       20     1   2  2  
 4 Derek Grant              Ryan McLeod              Jordan Martinook         10     1   2  2  

5 vs 5 Defense 
   Defense                  Defense                                           Time % Phy DF OF 
 1 Josh Morrissey           Ryan McDonagh                                     40     1   2  2  
 2 Dougie Hamilton          Brady Skjei                                       30     1   2  2  
 3 Connor Murphy            Jake Walman                                       20     1   2  2  
 4 Brady Skjei              Ryan McDonagh                                     10     1   2  2  

PowerPlay Forward 
   Center                   Left Wing                Right Wing               Time % Phy DF OF 
 1 Steven Stamkos           Carter Verhaeghe         Matthew Tkachuk          60     1   1  3  
 2 Vincent Trocheck         Brock Nelson             Brandon Saad             40     1   1  3  

PowerPlay Defense
   Defense                  Defense                                           Time % Phy DF OF 
 1 Josh Morrissey           Dougie Hamilton                                   70     1   1  3  
 2 Brady Skjei              Dougie Hamilton                                   30     1   1  3  

Penalty Kill 4 Players Forward 
   Center                   Wing                     Time % Phy DF OF 
 1 Vincent Trocheck         Brock Nelson             60     1   3  1  
 2 Adam Henrique            Eetu Luostarinen         40     1   4  0  

Penalty Kill 4 Players Defense
   Defense                  Defense                  Time % Phy DF OF 
 1 Ryan McDonagh            Brady Skjei              60     1   3  1  
 2 Connor Murphy            Jake Walman              40     1   3  1  

Penalty Kill - 3 Players Forward 
   Forward                                           Time % Phy DF OF 
 1 Eetu Luostarinen                                  60     0   5  0  
 2 Vincent Trocheck                                  40     0   5  0  

Penalty Kill - 3 Players Defense
   Defense                  Defense                  Time % Phy DF OF 
 1 Connor Murphy            Ryan McDonagh            60     1   4  0  
 2 Brady Skjei              Jake Walman              40     1   4  0  

4 vs 4 Forward 
   Center                   Wing                     Time % Phy DF OF 
 1 Steven Stamkos           Matthew Tkachuk          60     1   2  2  
 2 Vincent Trocheck         Brock Nelson             40     1   2  2  

4 vs 4 Defense
   Defense                  Defense                  Time % Phy DF OF 
 1 Josh Morrissey           Ryan McDonagh            60     1   2  2  
 2 Brady Skjei              Jake Walman              40     1   2  2  

Last Minutes Offensive
   Center                   Left Wing                Right Wing               Defense                  Defense                  
   Steven Stamkos           Carter Verhaeghe         Matthew Tkachuk          Josh Morrissey           Dougie Hamilton          

Last Minutes Defensive
   Center                   Left Wing                Right Wing               Defense                  Defense                  
   Vincent Trocheck         Brock Nelson             Brandon Saad             Ryan McDonagh            Connor Murphy            

Goaltenders
Starting : Darcy Kuemper            
Backup : Cayden Primeau           

Extra Forwards
Normal : Steven Stamkos, Matthew Tkachuk, Carter Verhaeghe - PP : Yegor Sharangovich, Adam Henrique - PK : Eetu Luostarinen
Extra Defensemen
Normal : Brady Skjei, Dougie Hamilton, Connor Murphy - PP : Dougie Hamilton - PK : Ryan McDonagh, Connor Murphy
Penalty Shots
Steven Stamkos, Matthew Tkachuk, Brock Nelson, Carter Verhaeghe, Vincent Trocheck

Scratches
None

CAROLINA Hurricanes

5 vs 5 Forward 
   Center                   Left Wing                Right Wing               Time % Phy DF OF 
 1 Mika Zibanejad           Elias Pettersson         William Nylander         40     1   2  2  
 2 Nazem Kadri              Brady Tkachuk            Travis Konecny           30     1   2  2  
 3 Blake Lizotte            Filip Forsberg           David Perron             20     1   2  2  
 4 Derek Ryan               Noah Cates               Evgeny Svechnikov        10     1   2  2  

5 vs 5 Defense 
   Defense                  Defense                                           Time % Phy DF OF 
 1 Adam Fox                 Brandon Montour                                   40     1   2  2  
 2 Kris Letang              Devon Toews                                       30     1   2  2  
 3 Rasmus Ristolainen       Niko Mikkola                                      20     1   2  2  
 4 Adam Fox                 Brandon Montour                                   10     1   2  2  

PowerPlay Forward 
   Center                   Left Wing                Right Wing               Time % Phy DF OF 
 1 Mika Zibanejad           Brady Tkachuk            William Nylander         60     1   2  2  
 2 Elias Pettersson         Filip Forsberg           Travis Konecny           40     1   2  2  

PowerPlay Defense
   Defense                  Defense                                           Time % Phy DF OF 
 1 Adam Fox                 Brandon Montour                                   60     1   2  2  
 2 Kris Letang              Devon Toews                                       40     1   2  2  

Penalty Kill 4 Players Forward 
   Center                   Wing                     Time % Phy DF OF 
 1 Mika Zibanejad           Elias Pettersson         60     1   2  2  
 2 Noah Cates               Derek Ryan               40     1   2  2  

Penalty Kill 4 Players Defense
   Defense                  Defense                  Time % Phy DF OF 
 1 Adam Fox                 Devon Toews              60     1   2  2  
 2 Kris Letang              Rasmus Ristolainen       40     1   2  2  

Penalty Kill - 3 Players Forward 
   Forward                                           Time % Phy DF OF 
 1 Mika Zibanejad                                    60     1   2  2  
 2 Elias Pettersson                                  40     1   2  2  

Penalty Kill - 3 Players Defense
   Defense                  Defense                  Time % Phy DF OF 
 1 Adam Fox                 Devon Toews              60     1   2  2  
 2 Kris Letang              Rasmus Ristolainen       40     1   2  2  

4 vs 4 Forward 
   Center                   Wing                     Time % Phy DF OF 
 1 Mika Zibanejad           William Nylander         60     1   2  2  
 2 Elias Pettersson         Filip Forsberg           40     1   2  2  

4 vs 4 Defense
   Defense                  Defense                  Time % Phy DF OF 
 1 Adam Fox                 Brandon Montour          60     1   2  2  
 2 Kris Letang              Devon Toews              40     1   2  2  

Last Minutes Offensive
   Center                   Left Wing                Right Wing               Defense                  Defense                  
   Mika Zibanejad           Brady Tkachuk            William Nylander         Adam Fox                 Brandon Montour          

Last Minutes Defensive
   Center                   Left Wing                Right Wing               Defense                  Defense                  
   Mika Zibanejad           Brady Tkachuk            William Nylander         Adam Fox                 Brandon Montour          

Goaltenders
Starting : Alexandar Georgiev       
Backup : Alex Lyon                

Extra Forwards
Normal : Nazem Kadri, David Perron, Travis Konecny - PP : Nazem Kadri, David Perron - PK : Nazem Kadri
Extra Defensemen
Normal : Devon Toews, Rasmus Ristolainen, Niko Mikkola - PP : Devon Toews - PK : Devon Toews, Rasmus Ristolainen
Penalty Shots
Mika Zibanejad, Elias Pettersson, William Nylander, Brady Tkachuk, Nazem Kadri

Scratches
None


% Time on Ice - FLORIDA Panthers

Lines # - Real PCT - Wanted PCT - Time Play
Normal Forward
1 - 38% - 40% - 15:32
2 - 26% - 30% - 10:40
3 - 24% - 20% - 10:00
4 - 12% - 10% - 5:08
Normal Defense
1 - 37% - 40% - 15:19
2 - 31% - 30% - 12:40
3 - 24% - 20% - 9:58
4 - 8% - 10% - 3:23
PP Forward
1 - 43% - 60% - 4:16
2 - 57% - 40% - 5:39
PP Defense
1 - 59% - 70% - 5:52
2 - 41% - 30% - 4:03
PK Forward
1 - 75% - 60% - 5:04
2 - 25% - 40% - 1:42
PK Defense
1 - 59% - 60% - 4:01
2 - 41% - 40% - 2:45
PK3 Forward
1 - 0% - 60%
2 - 0% - 40%
PK3 Defense
1 - 0% - 60%
2 - 0% - 40%
44 Forward
1 - 77% - 60% - 1:32
2 - 23% - 40% - 0:27
44 Defense
1 - 53% - 60% - 1:03
2 - 47% - 40% - 0:56
Last Minute Offensive  - 0:00
Last Minute Defensive  - 0:00
Total
Forward - 60:00
Defense - 60:00

% Time on Ice - CAROLINA Hurricanes

Lines # - Real PCT - Wanted PCT - Time Play
Normal Forward
1 - 36% - 40% - 15:04
2 - 28% - 30% - 11:30
3 - 22% - 20% - 9:13
4 - 13% - 10% - 5:33
Normal Defense
1 - 34% - 40% - 14:00
2 - 31% - 30% - 12:39
3 - 31% - 20% - 12:48
4 - 5% - 10% - 1:53
PP Forward
1 - 46% - 60% - 3:06
2 - 54% - 40% - 3:40
PP Defense
1 - 53% - 60% - 3:34
2 - 47% - 40% - 3:12
PK Forward
1 - 69% - 60% - 6:52
2 - 31% - 40% - 3:03
PK Defense
1 - 39% - 60% - 3:53
2 - 61% - 40% - 6:02
PK3 Forward
1 - 0% - 60%
2 - 0% - 40%
PK3 Defense
1 - 0% - 60%
2 - 0% - 40%
44 Forward
1 - 100% - 60% - 1:59
2 - 0% - 40% - 0:00
44 Defense
1 - 64% - 60% - 1:16
2 - 36% - 40% - 0:43
Last Minute Offensive  - 0:00
Last Minute Defensive  - 0:00
Total
Forward - 60:00
Defense - 60:00

Play-by-Play

1st period


0:01 of 1st period - Mika Zibanejad wins face-off versus Steven Stamkos in neutral zone.
0:20 of 1st period - Shot by Elias Pettersson.
0:20 of 1st period - Shot Misses the Net.
1:04 of 1st period - Icing by Kris Letang.
1:05 of 1st period - Nazem Kadri wins face-off versus Vincent Trocheck in CAROLINA Hurricanes zone.
1:05 of 1st period - Devon Toews is hit by Brock Nelson and loses puck.
2:09 of 1st period - Shot by Rasmus Ristolainen.
2:09 of 1st period - Stopped by Darcy Kuemper without a rebound.
2:10 of 1st period - Adam Henrique wins face-off versus Derek Ryan in FLORIDA Panthers zone.
2:10 of 1st period - Adam Henrique is hit by Noah Cates.
2:21 of 1st period - Yegor Sharangovich is hit by Brandon Montour and loses puck.
2:27 of 1st period - Adam Henrique is hit by Brandon Montour.
2:50 of 1st period - Eetu Luostarinen is hit by Brandon Montour and loses puck.
2:53 of 1st period - Shot by Eetu Luostarinen.
2:53 of 1st period - Deflect By Adam Henrique.
2:53 of 1st period - Stopped by Alexandar Georgiev without a rebound.
2:54 of 1st period - Derek Grant wins face-off versus Mika Zibanejad in CAROLINA Hurricanes zone.
2:55 of 1st period - Shot by Josh Morrissey.
2:55 of 1st period - Stopped by Alexandar Georgiev without a rebound.
2:56 of 1st period - Mika Zibanejad wins face-off versus Ryan McLeod in CAROLINA Hurricanes zone.
2:56 of 1st period - Mika Zibanejad is hit by Derek Grant.
3:09 of 1st period - Elias Pettersson is hit by Josh Morrissey and loses puck.
3:26 of 1st period - Shot by Elias Pettersson.
3:26 of 1st period - Shot Misses the Net.
3:40 of 1st period - Shot by William Nylander.
3:40 of 1st period - Shot Hit the Post.
3:54 of 1st period - Shot by David Perron.
3:54 of 1st period - Shot Misses the Net.
3:56 of 1st period - Shot by Adam Fox.
3:56 of 1st period - Shot Blocked by Ryan McLeod.
3:58 of 1st period - Shot by Blake Lizotte.
3:58 of 1st period - Goal by Blake Lizotte - FLORIDA Panthers : 0 - CAROLINA Hurricanes : 1.
3:59 of 1st period - Nazem Kadri wins face-off versus Matthew Tkachuk in neutral zone.
3:59 of 1st period - Nazem Kadri is hit by Matthew Tkachuk.
4:06 of 1st period - Travis Konecny is hit by Connor Murphy and loses puck.
4:20 of 1st period - Matthew Tkachuk is hit by Kris Letang and loses puck.
5:00 of 1st period - Icing by Adam Fox.
5:01 of 1st period - Blake Lizotte wins face-off versus Vincent Trocheck in CAROLINA Hurricanes zone.
5:05 of 1st period - Off-side.
5:06 of 1st period - Mika Zibanejad wins face-off versus Adam Henrique in neutral zone.
5:08 of 1st period - Off-side.
5:09 of 1st period - Mika Zibanejad wins face-off versus Vincent Trocheck in neutral zone.
5:45 of 1st period - Shot by Brock Nelson.
5:45 of 1st period - Stopped by Alexandar Georgiev with a rebound.
5:59 of 1st period - Icing by Brandon Montour.
6:00 of 1st period - Steven Stamkos wins face-off versus William Nylander in CAROLINA Hurricanes zone.
6:12 of 1st period - Shot by Steven Stamkos.
6:12 of 1st period - Stopped by Alexandar Georgiev without a rebound.
6:13 of 1st period - Adam Henrique wins face-off versus Blake Lizotte in CAROLINA Hurricanes zone.
6:13 of 1st period - Adam Henrique is hit by Niko Mikkola.
6:25 of 1st period - Shot by Adam Henrique.
6:25 of 1st period - Stopped by Alexandar Georgiev without a rebound.
6:26 of 1st period - Steven Stamkos wins face-off versus Nazem Kadri in CAROLINA Hurricanes zone.
6:27 of 1st period - Shot by Matthew Tkachuk.
6:27 of 1st period - Shot Misses the Net.
6:29 of 1st period - Shot by Carter Verhaeghe.
6:29 of 1st period - Stopped by Alexandar Georgiev without a rebound.
6:30 of 1st period - Blake Lizotte wins face-off versus Steven Stamkos in CAROLINA Hurricanes zone.
6:37 of 1st period - Brady Skjei is hit by Blake Lizotte and loses puck.
6:56 of 1st period - Shot by Matthew Tkachuk.
6:56 of 1st period - Shot Misses the Net.
6:58 of 1st period - Shot by Matthew Tkachuk.
6:58 of 1st period - Stopped by Alexandar Georgiev without a rebound.
6:59 of 1st period - Nazem Kadri wins face-off versus Adam Henrique in CAROLINA Hurricanes zone.
7:03 of 1st period - Off-side.
7:04 of 1st period - Nazem Kadri wins face-off versus Adam Henrique in neutral zone.
8:26 of 1st period - Shot by Mika Zibanejad.
8:26 of 1st period - Stopped by Darcy Kuemper with a rebound.
8:28 of 1st period - Shot by William Nylander.
8:28 of 1st period - Shot Misses the Net.
8:55 of 1st period - Icing by David Perron.
8:56 of 1st period - Vincent Trocheck wins face-off versus Blake Lizotte in CAROLINA Hurricanes zone.
9:18 of 1st period - Shot by Jake Walman.
9:18 of 1st period - Shot Misses the Net.
9:50 of 1st period - Shot by Jordan Martinook.
9:50 of 1st period - Shot Blocked by Devon Toews.
9:52 of 1st period - Shot by Josh Morrissey.
9:52 of 1st period - Shot Misses the Net.
9:54 of 1st period - Shot by Ryan McDonagh.
9:54 of 1st period - Shot Blocked by Blake Lizotte.
9:56 of 1st period - Shot by Ryan McDonagh.
9:56 of 1st period - Shot Misses the Net.
10:04 of 1st period - Shot by Ryan McLeod.
10:04 of 1st period - Deflect By Derek Grant.
10:04 of 1st period - Shot Hit the Post.
10:06 of 1st period - Shot by Ryan McDonagh.
10:06 of 1st period - Shot Misses the Net.
10:12 of 1st period - Shot by Ryan McLeod.
10:12 of 1st period - Stopped by Alexandar Georgiev without a rebound.
10:13 of 1st period - Steven Stamkos wins face-off versus William Nylander in CAROLINA Hurricanes zone.
10:20 of 1st period - Shot by Dougie Hamilton.
10:20 of 1st period - Stopped by Alexandar Georgiev without a rebound.
10:21 of 1st period - Mika Zibanejad wins face-off versus Steven Stamkos in CAROLINA Hurricanes zone.
10:32 of 1st period - Mika Zibanejad is hit by Carter Verhaeghe and loses puck.
11:41 of 1st period - Travis Konecny is hit by Ryan McDonagh and loses puck.
11:44 of 1st period - Shot by Travis Konecny.
11:44 of 1st period - Stopped by Darcy Kuemper without a rebound.
11:45 of 1st period - Adam Henrique wins face-off versus Derek Ryan in FLORIDA Panthers zone.
11:50 of 1st period - Devon Toews is hit by Yegor Sharangovich and loses puck.
11:56 of 1st period - Minor Penalty to Yegor Sharangovich for High sticking.
11:57 of 1st period - Vincent Trocheck wins face-off versus Filip Forsberg in FLORIDA Panthers zone.
11:57 of 1st period - Vincent Trocheck is hit by Filip Forsberg.
12:15 of 1st period - Shot by Devon Toews.
12:15 of 1st period - Shot Misses the Net.
12:19 of 1st period - Shot by Filip Forsberg.
12:19 of 1st period - Goal by Filip Forsberg - FLORIDA Panthers : 0 - CAROLINA Hurricanes : 2.
12:20 of 1st period - Derek Ryan wins face-off versus Adam Henrique in neutral zone.
12:28 of 1st period - Icing by Ryan McDonagh.
12:29 of 1st period - Nazem Kadri wins face-off versus Adam Henrique in FLORIDA Panthers zone.
12:36 of 1st period - Nazem Kadri is hit by Adam Henrique and loses puck.
12:46 of 1st period - Icing by Brandon Montour.
12:47 of 1st period - Brady Tkachuk wins face-off versus Vincent Trocheck in CAROLINA Hurricanes zone.
12:51 of 1st period - Adam Fox is hit by Brady Skjei and loses puck.
12:54 of 1st period - Shot by Brady Tkachuk.
12:54 of 1st period - Shot Misses the Net.
12:56 of 1st period - Shot by Adam Fox.
12:56 of 1st period - Shot Misses the Net.
13:15 of 1st period - Travis Konecny is hit by Dougie Hamilton and loses puck.
13:45 of 1st period - Icing by Brady Skjei.
13:46 of 1st period - Noah Cates wins face-off versus Vincent Trocheck in FLORIDA Panthers zone.
13:46 of 1st period - Noah Cates is hit by Brady Skjei.
14:30 of 1st period - Shot by Noah Cates.
14:30 of 1st period - Goal by Noah Cates - FLORIDA Panthers : 0 - CAROLINA Hurricanes : 3.
14:31 of 1st period - Mika Zibanejad wins face-off versus Adam Henrique in neutral zone.
14:44 of 1st period - Yegor Sharangovich is hit by Elias Pettersson and loses puck.
14:53 of 1st period - Shot by Mika Zibanejad.
14:53 of 1st period - Stopped by Darcy Kuemper without a rebound.
14:54 of 1st period - Steven Stamkos wins face-off versus Nazem Kadri in FLORIDA Panthers zone.
14:54 of 1st period - Josh Morrissey is hit by Brady Tkachuk and loses puck.
15:02 of 1st period - Off-side.
15:03 of 1st period - Mika Zibanejad wins face-off versus Steven Stamkos in neutral zone.
15:57 of 1st period - Icing by Josh Morrissey.
15:58 of 1st period - Nazem Kadri wins face-off versus Steven Stamkos in FLORIDA Panthers zone.
15:58 of 1st period - Nazem Kadri is hit by Josh Morrissey.
16:38 of 1st period - Shot by Vincent Trocheck.
16:38 of 1st period - Stopped by Alexandar Georgiev without a rebound.
16:39 of 1st period - Adam Henrique wins face-off versus Blake Lizotte in CAROLINA Hurricanes zone.
16:40 of 1st period - Shot by Brady Skjei.
16:40 of 1st period - Stopped by Alexandar Georgiev with a rebound.
17:00 of 1st period - Shot by Eetu Luostarinen.
17:00 of 1st period - Stopped by Alexandar Georgiev without a rebound.
17:01 of 1st period - Mika Zibanejad wins face-off versus Jordan Martinook in CAROLINA Hurricanes zone.
17:32 of 1st period - Shot by Jordan Martinook.
17:32 of 1st period - Shot Misses the Net.
18:08 of 1st period - Shot by Matthew Tkachuk.
18:08 of 1st period - Shot Misses the Net.
19:05 of 1st period - Minor Penalty to Nazem Kadri for Roughing.
19:06 of 1st period - Mika Zibanejad wins face-off versus Vincent Trocheck in CAROLINA Hurricanes zone.
19:29 of 1st period - Brock Nelson is hit by Devon Toews and loses puck.
19:41 of 1st period - Icing by Brady Skjei.
19:42 of 1st period - Vincent Trocheck wins face-off versus Mika Zibanejad in FLORIDA Panthers zone.
19:53 of 1st period - Derek Ryan is hit by Vincent Trocheck and loses puck.
Goals for this period are 0 for FLORIDA Panthers vs 3 for CAROLINA Hurricanes.
Shots for this period are 12 for FLORIDA Panthers vs 7 for CAROLINA Hurricanes.

2nd period


0:01 of 2nd period - Mika Zibanejad wins face-off versus Matthew Tkachuk in neutral zone.
0:18 of 2nd period - Shot by Matthew Tkachuk.
0:18 of 2nd period - Stopped by Alexandar Georgiev without a rebound.
0:19 of 2nd period - Elias Pettersson wins face-off versus Brock Nelson in CAROLINA Hurricanes zone.
1:15 of 2nd period - Shot by Brady Tkachuk.
1:15 of 2nd period - Shot Blocked by Ryan McDonagh.
1:35 of 2nd period - Shot by Eetu Luostarinen.
1:35 of 2nd period - Shot Misses the Net.
1:37 of 2nd period - Shot by Eetu Luostarinen.
1:37 of 2nd period - Goal by Eetu Luostarinen - FLORIDA Panthers : 1 - CAROLINA Hurricanes : 3.
1:38 of 2nd period - Steven Stamkos wins face-off versus Derek Ryan in neutral zone.
1:53 of 2nd period - Shot by Carter Verhaeghe.
1:53 of 2nd period - Shot Misses the Net.
3:23 of 2nd period - Shot by Brady Tkachuk.
3:23 of 2nd period - Shot Blocked by Jake Walman.
3:31 of 2nd period - Shot by Brady Tkachuk.
3:31 of 2nd period - Stopped by Darcy Kuemper without a rebound.
3:32 of 2nd period - Vincent Trocheck wins face-off versus Blake Lizotte in FLORIDA Panthers zone.
3:56 of 2nd period - Adam Fox is hit by Vincent Trocheck and loses puck.
4:11 of 2nd period - Shot by Brock Nelson.
4:11 of 2nd period - Shot Misses the Net.
4:48 of 2nd period - Icing by Niko Mikkola.
4:49 of 2nd period - Nazem Kadri wins face-off versus Derek Grant in CAROLINA Hurricanes zone.
4:57 of 2nd period - Off-side.
4:58 of 2nd period - Derek Grant wins face-off versus Mika Zibanejad in neutral zone.
5:14 of 2nd period - Icing by Josh Morrissey.
5:15 of 2nd period - Nazem Kadri wins face-off versus Derek Grant in FLORIDA Panthers zone.
5:34 of 2nd period - Shot by Brady Tkachuk.
5:34 of 2nd period - Stopped by Darcy Kuemper without a rebound.
5:35 of 2nd period - Mika Zibanejad wins face-off versus Vincent Trocheck in FLORIDA Panthers zone.
5:48 of 2nd period - Shot by Dougie Hamilton.
5:48 of 2nd period - Shot Misses the Net.
5:58 of 2nd period - Brock Nelson is hit by Elias Pettersson and loses puck.
6:09 of 2nd period - Shot by Vincent Trocheck.
6:09 of 2nd period - Shot Blocked by Brandon Montour.
6:11 of 2nd period - Shot by Dougie Hamilton.
6:11 of 2nd period - Stopped by Alexandar Georgiev without a rebound.
6:12 of 2nd period - Nazem Kadri wins face-off versus Steven Stamkos in CAROLINA Hurricanes zone.
6:14 of 2nd period - Kris Letang is hit by Steven Stamkos and loses puck.
6:20 of 2nd period - Nazem Kadri is hit by Ryan McDonagh and loses puck.
6:28 of 2nd period - Minor Penalty to Ryan McDonagh for Cross-checking.
6:29 of 2nd period - Elias Pettersson wins face-off versus Vincent Trocheck in FLORIDA Panthers zone.
6:47 of 2nd period - Shot by Vincent Trocheck.
6:47 of 2nd period - Shot Misses the Net.
7:05 of 2nd period - Shot by Travis Konecny.
7:05 of 2nd period - Shot Blocked by Brock Nelson.
7:25 of 2nd period - Shot by William Nylander.
7:25 of 2nd period - Deflect By Brady Tkachuk.
7:25 of 2nd period - Shot Blocked by Brady Skjei.
7:27 of 2nd period - Shot by Kris Letang.
7:27 of 2nd period - Stopped by Darcy Kuemper with a rebound.
7:29 of 2nd period - Shot by Devon Toews.
7:29 of 2nd period - Deflect By William Nylander.
7:29 of 2nd period - Stopped by Darcy Kuemper with a rebound.
8:31 of 2nd period - Icing by Derek Ryan.
8:32 of 2nd period - Derek Ryan wins face-off versus Steven Stamkos in CAROLINA Hurricanes zone.
8:45 of 2nd period - Shot by Noah Cates.
8:45 of 2nd period - Stopped by Darcy Kuemper without a rebound.
8:46 of 2nd period - Blake Lizotte wins face-off versus Derek Grant in FLORIDA Panthers zone.
9:00 of 2nd period - Shot by Blake Lizotte.
9:00 of 2nd period - Shot Misses the Net.
9:02 of 2nd period - Shot by Niko Mikkola.
9:02 of 2nd period - Stopped by Darcy Kuemper without a rebound.
9:03 of 2nd period - Derek Ryan wins face-off versus Steven Stamkos in FLORIDA Panthers zone.
9:05 of 2nd period - Minor Penalty to Connor Murphy for Slashing.
9:06 of 2nd period - Vincent Trocheck wins face-off versus Mika Zibanejad in FLORIDA Panthers zone.
10:15 of 2nd period - Elias Pettersson is hit by Dougie Hamilton.
10:37 of 2nd period - Shot by Devon Toews.
10:37 of 2nd period - Shot Blocked by Dougie Hamilton.
10:55 of 2nd period - Shot by William Nylander.
10:55 of 2nd period - Deflect By Mika Zibanejad.
10:55 of 2nd period - Shot Blocked by Vincent Trocheck.
10:57 of 2nd period - Shot by Adam Fox.
10:57 of 2nd period - Stopped by Darcy Kuemper with a rebound.
10:59 of 2nd period - Shot by Adam Fox.
10:59 of 2nd period - Shot Blocked by Brock Nelson.
11:03 of 2nd period - Shot by William Nylander.
11:03 of 2nd period - Stopped by Darcy Kuemper without a rebound.
11:04 of 2nd period - Adam Henrique wins face-off versus Mika Zibanejad in FLORIDA Panthers zone.
11:30 of 2nd period - Shot by Noah Cates.
11:30 of 2nd period - Shot Misses the Net.
11:32 of 2nd period - Shot by Niko Mikkola.
11:32 of 2nd period - Shot Blocked by Matthew Tkachuk.
11:40 of 2nd period - Shot by Evgeny Svechnikov.
11:40 of 2nd period - Stopped by Darcy Kuemper without a rebound.
11:41 of 2nd period - Adam Henrique wins face-off versus Blake Lizotte in FLORIDA Panthers zone.
12:07 of 2nd period - Shot by David Perron.
12:07 of 2nd period - Shot Misses the Net.
12:13 of 2nd period - Shot by Blake Lizotte.
12:13 of 2nd period - Shot Misses the Net.
12:53 of 2nd period - Shot by Mika Zibanejad.
12:53 of 2nd period - Stopped by Darcy Kuemper without a rebound.
12:54 of 2nd period - Derek Grant wins face-off versus Nazem Kadri in FLORIDA Panthers zone.
12:54 of 2nd period - Derek Grant is hit by Nazem Kadri.
13:11 of 2nd period - Shot by Nazem Kadri.
13:11 of 2nd period - Shot Misses the Net.
13:15 of 2nd period - Shot by Brady Tkachuk.
13:15 of 2nd period - Shot Blocked by Connor Murphy.
13:17 of 2nd period - Shot by Nazem Kadri.
13:17 of 2nd period - Goal by Nazem Kadri - FLORIDA Panthers : 1 - CAROLINA Hurricanes : 4.
13:18 of 2nd period - Steven Stamkos wins face-off versus Mika Zibanejad in neutral zone.
13:49 of 2nd period - Brady Skjei is hit by Brandon Montour and loses puck.
14:08 of 2nd period - Shot by Brock Nelson.
14:08 of 2nd period - Deflect By Vincent Trocheck.
14:08 of 2nd period - Shot Misses the Net.
14:10 of 2nd period - Shot by Vincent Trocheck.
14:10 of 2nd period - Shot Misses the Net.
14:11 of 2nd period - Minor Penalty to Brandon Montour for Cross-checking.
14:12 of 2nd period - Vincent Trocheck wins face-off versus Noah Cates in CAROLINA Hurricanes zone.
14:45 of 2nd period - Icing by Josh Morrissey.
14:46 of 2nd period - Vincent Trocheck wins face-off versus Mika Zibanejad in FLORIDA Panthers zone.
14:48 of 2nd period - Icing by Brandon Saad.
14:49 of 2nd period - Vincent Trocheck wins face-off versus Mika Zibanejad in FLORIDA Panthers zone.
17:38 of 2nd period - Shot by Nazem Kadri.
17:38 of 2nd period - Shot Misses the Net.
17:40 of 2nd period - Shot by Travis Konecny.
17:40 of 2nd period - Deflect By Nazem Kadri.
17:40 of 2nd period - Shot Hit the Post.
17:42 of 2nd period - Shot by Nazem Kadri.
17:42 of 2nd period - Shot Misses the Net.
17:44 of 2nd period - Shot by Brady Tkachuk.
17:44 of 2nd period - Stopped by Darcy Kuemper without a rebound.
17:45 of 2nd period - Mika Zibanejad wins face-off versus Derek Grant in FLORIDA Panthers zone.
17:58 of 2nd period - Shot by Mika Zibanejad.
17:58 of 2nd period - Shot Misses the Net.
18:26 of 2nd period - Icing by Mika Zibanejad.
18:27 of 2nd period - Steven Stamkos wins face-off versus Mika Zibanejad in CAROLINA Hurricanes zone.
19:35 of 2nd period - Minor Penalty to Nazem Kadri for Hooking.
19:36 of 2nd period - Mika Zibanejad wins face-off versus Vincent Trocheck in CAROLINA Hurricanes zone.
19:45 of 2nd period - Devon Toews is hit by Vincent Trocheck and loses puck.
19:52 of 2nd period - Shot by Brady Skjei.
19:52 of 2nd period - Shot Misses the Net.
19:54 of 2nd period - Shot by Brady Skjei.
19:54 of 2nd period - Deflect By Vincent Trocheck.
19:54 of 2nd period - Stopped by Alexandar Georgiev with a rebound.
19:56 of 2nd period - Shot by Vincent Trocheck.
19:56 of 2nd period - Stopped by Alexandar Georgiev with a rebound.
Goals for this period are 1 for FLORIDA Panthers vs 1 for CAROLINA Hurricanes.
Shots for this period are 5 for FLORIDA Panthers vs 12 for CAROLINA Hurricanes.

3rd period


0:01 of 3rd period - Mika Zibanejad wins face-off versus Steven Stamkos in neutral zone.
0:14 of 3rd period - Shot by Matthew Tkachuk.
0:14 of 3rd period - Stopped by Alexandar Georgiev without a rebound.
0:15 of 3rd period - Vincent Trocheck wins face-off versus Mika Zibanejad in CAROLINA Hurricanes zone.
0:16 of 3rd period - Shot by Josh Morrissey.
0:16 of 3rd period - Deflect By Brock Nelson.
0:16 of 3rd period - Stopped by Alexandar Georgiev without a rebound.
0:17 of 3rd period - Mika Zibanejad wins face-off versus Steven Stamkos in CAROLINA Hurricanes zone.
0:41 of 3rd period - Shot by Mika Zibanejad.
0:41 of 3rd period - Deflect By Elias Pettersson.
0:41 of 3rd period - Shot Misses the Net.
1:44 of 3rd period - Adam Henrique is hit by Brady Tkachuk and loses puck.
1:59 of 3rd period - Shot by Nazem Kadri.
1:59 of 3rd period - Stopped by Darcy Kuemper without a rebound.
2:00 of 3rd period - Vincent Trocheck wins face-off versus Blake Lizotte in FLORIDA Panthers zone.
2:18 of 3rd period - Icing by Brandon Montour.
2:19 of 3rd period - Adam Henrique wins face-off versus Blake Lizotte in CAROLINA Hurricanes zone.
3:12 of 3rd period - Shot by Vincent Trocheck.
3:12 of 3rd period - Deflect By Brock Nelson.
3:12 of 3rd period - Stopped by Alexandar Georgiev without a rebound.
3:13 of 3rd period - Mika Zibanejad wins face-off versus Vincent Trocheck in CAROLINA Hurricanes zone.
3:43 of 3rd period - Minor Penalty to Kris Letang for Roughing.
3:44 of 3rd period - Mika Zibanejad wins face-off versus Carter Verhaeghe in CAROLINA Hurricanes zone.
3:50 of 3rd period - Icing by Josh Morrissey.
3:51 of 3rd period - Mika Zibanejad wins face-off versus Steven Stamkos in FLORIDA Panthers zone.
4:17 of 3rd period - Shot by Carter Verhaeghe.
4:17 of 3rd period - Deflect By Matthew Tkachuk.
4:17 of 3rd period - Stopped by Alexandar Georgiev without a rebound.
4:18 of 3rd period - Vincent Trocheck wins face-off versus Mika Zibanejad in CAROLINA Hurricanes zone.
4:37 of 3rd period - Shot by Brandon Saad.
4:37 of 3rd period - Stopped by Alexandar Georgiev without a rebound.
4:38 of 3rd period - Steven Stamkos wins face-off versus Mika Zibanejad in CAROLINA Hurricanes zone.
4:39 of 3rd period - Shot by Josh Morrissey.
4:39 of 3rd period - Shot Misses the Net.
4:41 of 3rd period - Shot by Josh Morrissey.
4:41 of 3rd period - Shot Misses the Net.
4:45 of 3rd period - Shot by Josh Morrissey.
4:45 of 3rd period - Shot Misses the Net.
4:47 of 3rd period - Shot by Josh Morrissey.
4:47 of 3rd period - Shot Misses the Net.
4:53 of 3rd period - Shot by Matthew Tkachuk.
4:53 of 3rd period - Shot Misses the Net.
4:55 of 3rd period - Shot by Matthew Tkachuk.
4:55 of 3rd period - Stopped by Alexandar Georgiev without a rebound.
4:56 of 3rd period - Brock Nelson wins face-off versus Noah Cates in CAROLINA Hurricanes zone.
5:05 of 3rd period - Shot by Brock Nelson.
5:05 of 3rd period - Shot Misses the Net.
5:44 of 3rd period - Minor Penalty to Ryan McDonagh for Slashing.
5:45 of 3rd period - Mika Zibanejad wins face-off versus Adam Henrique in FLORIDA Panthers zone.
6:10 of 3rd period - Shot by Brady Tkachuk.
6:10 of 3rd period - Goal by Brady Tkachuk - FLORIDA Panthers : 1 - CAROLINA Hurricanes : 5.
6:10 of 3rd period - Cayden Primeau enters game.
6:11 of 3rd period - Steven Stamkos wins face-off versus Blake Lizotte in neutral zone.
6:18 of 3rd period - Shot by Matthew Tkachuk.
6:18 of 3rd period - Shot Blocked by Filip Forsberg.
6:20 of 3rd period - Shot by Steven Stamkos.
6:20 of 3rd period - Stopped by Alexandar Georgiev with a rebound.
6:22 of 3rd period - Shot by Steven Stamkos.
6:22 of 3rd period - Stopped by Alexandar Georgiev without a rebound.
6:23 of 3rd period - Adam Henrique wins face-off versus Nazem Kadri in CAROLINA Hurricanes zone.
6:23 of 3rd period - Yegor Sharangovich is hit by Rasmus Ristolainen and loses puck.
7:03 of 3rd period - Shot by Nazem Kadri.
7:03 of 3rd period - Stopped by Cayden Primeau without a rebound.
7:04 of 3rd period - Steven Stamkos wins face-off versus Blake Lizotte in FLORIDA Panthers zone.
7:22 of 3rd period - Icing by Dougie Hamilton.
7:23 of 3rd period - Mika Zibanejad wins face-off versus Steven Stamkos in FLORIDA Panthers zone.
7:45 of 3rd period - Steven Stamkos is hit by Kris Letang and loses puck.
8:22 of 3rd period - Icing by Brock Nelson.
8:23 of 3rd period - Vincent Trocheck wins face-off versus Nazem Kadri in FLORIDA Panthers zone.
8:54 of 3rd period - Josh Morrissey is hit by Brandon Montour.
8:56 of 3rd period - Shot by Brock Nelson.
8:56 of 3rd period - Stopped by Alexandar Georgiev without a rebound.
8:57 of 3rd period - Blake Lizotte wins face-off versus Adam Henrique in CAROLINA Hurricanes zone.
8:59 of 3rd period - Minor Penalty to Yegor Sharangovich for Hooking.
9:00 of 3rd period - Elias Pettersson wins face-off versus Vincent Trocheck in FLORIDA Panthers zone.
9:27 of 3rd period - Shot by Elias Pettersson.
9:27 of 3rd period - Shot Blocked by Brady Skjei.
9:29 of 3rd period - Shot by Elias Pettersson.
9:29 of 3rd period - Stopped by Cayden Primeau without a rebound.
9:30 of 3rd period - Adam Henrique wins face-off versus Mika Zibanejad in FLORIDA Panthers zone.
9:39 of 3rd period - Shot by Brock Nelson.
9:39 of 3rd period - Stopped by Alexandar Georgiev without a rebound.
9:40 of 3rd period - Mika Zibanejad wins face-off versus Vincent Trocheck in CAROLINA Hurricanes zone.
9:42 of 3rd period - Icing by Devon Toews.
9:43 of 3rd period - Vincent Trocheck wins face-off versus Mika Zibanejad in CAROLINA Hurricanes zone.
9:56 of 3rd period - Shot by Kris Letang.
9:56 of 3rd period - Deflect By William Nylander.
9:56 of 3rd period - Shot Misses the Net.
9:58 of 3rd period - Shot by Kris Letang.
9:58 of 3rd period - Shot Misses the Net.
10:00 of 3rd period - Shot by Mika Zibanejad.
10:00 of 3rd period - Deflect By Brady Tkachuk.
10:00 of 3rd period - Stopped by Cayden Primeau without a rebound.
10:01 of 3rd period - Brock Nelson wins face-off versus Elias Pettersson in FLORIDA Panthers zone.
10:17 of 3rd period - Adam Fox is hit by Eetu Luostarinen and loses puck.
11:07 of 3rd period - Shot by Steven Stamkos.
11:07 of 3rd period - Stopped by Alexandar Georgiev without a rebound.
11:08 of 3rd period - Derek Ryan wins face-off versus Steven Stamkos in CAROLINA Hurricanes zone.
13:36 of 3rd period - Shot by Yegor Sharangovich.
13:36 of 3rd period - Shot Misses the Net.
14:35 of 3rd period - Shot by Travis Konecny.
14:35 of 3rd period - Stopped by Cayden Primeau without a rebound.
14:36 of 3rd period - Blake Lizotte wins face-off versus Vincent Trocheck in FLORIDA Panthers zone.
14:55 of 3rd period - Shot by Kris Letang.
14:55 of 3rd period - Shot Misses the Net.
14:57 of 3rd period - Shot by David Perron.
14:57 of 3rd period - Stopped by Cayden Primeau without a rebound.
14:57 of 3rd period - Minor Penalty to David Perron for Holding.
14:57 of 3rd period - Minor Penalty to Dougie Hamilton for Tripping.
14:58 of 3rd period - Nazem Kadri wins face-off versus Steven Stamkos in FLORIDA Panthers zone.
15:31 of 3rd period - Steven Stamkos is hit by Nazem Kadri and loses puck.
16:03 of 3rd period - Icing by Travis Konecny.
16:04 of 3rd period - Steven Stamkos wins face-off versus Nazem Kadri in CAROLINA Hurricanes zone.
16:44 of 3rd period - Shot by Kris Letang.
16:44 of 3rd period - Stopped by Cayden Primeau without a rebound.
16:45 of 3rd period - Vincent Trocheck wins face-off versus Mika Zibanejad in FLORIDA Panthers zone.
17:01 of 3rd period - Shot by Blake Lizotte.
17:01 of 3rd period - Shot Blocked by Dougie Hamilton.
17:32 of 3rd period - Minor Penalty to Rasmus Ristolainen for High sticking.
17:33 of 3rd period - Mika Zibanejad wins face-off versus Vincent Trocheck in CAROLINA Hurricanes zone.
17:33 of 3rd period - Adam Fox is hit by Brock Nelson.
18:05 of 3rd period - Shot by Dougie Hamilton.
18:05 of 3rd period - Shot Blocked by Kris Letang.
18:07 of 3rd period - Shot by Vincent Trocheck.
18:07 of 3rd period - Shot Misses the Net.
19:42 of 3rd period - Off-side.
19:43 of 3rd period - Nazem Kadri wins face-off versus Derek Grant in neutral zone.
19:54 of 3rd period - Shot by Brady Tkachuk.
19:54 of 3rd period - Stopped by Cayden Primeau without a rebound.
19:55 of 3rd period - Adam Henrique wins face-off versus Blake Lizotte in FLORIDA Panthers zone.
19:57 of 3rd period - Icing by Brady Skjei.
19:58 of 3rd period - Yegor Sharangovich wins face-off versus Nazem Kadri in FLORIDA Panthers zone.
19:58 of 3rd period - Yegor Sharangovich is hit by Brady Tkachuk.
Goals for this period are 0 for FLORIDA Panthers vs 1 for CAROLINA Hurricanes.
Shots for this period are 11 for FLORIDA Panthers vs 9 for CAROLINA Hurricanes. Output by the SimonT Hockey Simulator (STHS) for Martin Benoit - Original Page W3C HTML5 Valid
Hockey Simulator - Hockey Simulation - Hockey Manager